 Dungeon Crawl Stone Soup version 0.22.0 (webtiles) character file.

32774 dysrexia the Martial Artist (level 13, -2/116 HPs)
             Began as a Grey Draconian Transmuter on Aug 10, 2018.
             Was an Elder of Wu Jian.
             Slain by a five-headed hydra (8 damage)
             ... on level 6 of the Lair of Beasts on Aug 11, 2018.
             The game lasted 02:02:25 (18735 turns).

dysrexia the Martial Artist (DrTm)                 Turns: 18735, Time: 02:02:25

Health: -2/116     AC: 19    Str: 16    XL:     13   Next: 33%
Magic:  21/22      EV:  2    Int: 14    God:    Wu Jian [****..]
Gold:   976        SH:  0    Dex: 17    Spells: 4/25 levels left

rFire    . . .     SeeInvis .     - Unarmed
rCold    . . .     Gourm    .   (no shield)
rNeg     + + +     Faith    +   (armour unavailable)
rPois    ∞         Spirit   .   (helmet restricted)
rElec    .         Reflect  .   J - +1 cloak
rCorr    .         Harm     .   v - +2 pair of gloves
MR       +....                  y - +0 pair of boots
Stlth    ++........             L - amulet of faith
HPRegen  0.29/turn              Q - ring of protection from magic
MPRegen  0.18/turn              U - +4 ring of strength

@: petrified
A: walk through water, unfitting armour, unbreathing, cold-blooded, AC +13
a: Wall Jump, Serpent's Lash, Renounce Religion


You were on level 6 of the Lair of Beasts.
You worshipped Wu Jian.
Wu Jian was greatly pleased with you.
You were not hungry.

You visited 3 branches of the dungeon, and saw 18 of its levels.

You collected 976 gold pieces.

Inventory:

Hand Weapons
 G - a +1 blowgun
Missiles
 a - 187 arrows
 p - 70 poisoned needles
 r - 6 needles of confusion
 F - 3 throwing nets (quivered)
Armour
 v - a +2 pair of gloves (worn)
 y - a +0 pair of boots (worn)
 J - a +1 cloak (worn)
Jewellery
 d - an uncursed ring of see invisible
 e - an uncursed ring of positive energy
 B - an uncursed ring of poison resistance
 L - an amulet of faith (around neck)
 Q - a ring of protection from magic (left hand)
 U - a +4 ring of strength (right hand)
Wands
 j - a wand of disintegration (21)
 u - a wand of paralysis (36)
 x - a wand of clouds (2)
 C - a wand of flame (5)
 O - a wand of digging (8)
 R - a wand of scattershot (9)
Scrolls
 i - a scroll of acquirement
 l - 7 scrolls of fear
 m - a scroll of brand weapon {unknown}
 s - 5 scrolls of identify
 t - 7 scrolls of remove curse
 w - 2 scrolls of magic mapping
 E - a scroll of enchant weapon
 H - 2 scrolls of amnesia
 I - 2 scrolls of enchant armour
 N - 5 scrolls of blinking
 P - a scroll of teleportation
 X - a scroll of fog
 Y - 2 scrolls of holy word
Potions
 b - 11 potions of flight
 f - 3 potions of agility
 g - 3 potions of brilliance
 n - 4 potions of might
 o - 3 potions of lignification
 q - a potion of berserk rage
 z - a potion of resistance
 D - 10 potions of curing
 K - 2 potions of haste
 T - 2 potions of magic
 Z - 2 potions of heal wounds
Miscellaneous
 k - a lightning rod (4/4)
 S - a sack of spiders
Comestibles
 c - 34 rations
 h - 3 chunks of flesh


   Skills:
 + Level 11.2 Fighting
 + Level 9.4 Dodging
 * Level 12.1 Unarmed Combat
 - Level 6.5 Spellcasting
 + Level 10.3 Transmutations
 - Level 3.7 Ice Magic
 - Level 6.1 Earth Magic


You had 4 spell levels left.
You knew the following spells:

 Your Spells              Type           Power        Failure   Level  Hunger
a - Beastly Appendage     Tmut           ####..       1%          1    None
b - Sticks to Snakes      Tmut           ####....     1%          2    #......
c - Spider Form           Tmut/Pois      ###.......   5%          3    ##.....
d - Blade Hands           Tmut           ####......   6%          5    ######.
e - Ice Form              Ice/Tmut       ###.....     9%          4    ####...
f - Statue Form           Tmut/Erth      ####.....    61%         6    #######

Your spell library contained the following spells:

 Spells                   Type           Power        Failure   Level  Hunger
 Magic Dart               Conj           #...         16%         1    None
 Confuse                  Hex            #.......     41%         3    ##.....
 Iskenderun's Mystic Bla  Conj           #.......     83%         4    ####...
 Summon Ice Beast         Ice/Summ       #.......     56%         4    ####...
 Dragon Form              Tmut           ####......   88%         7    #######
 Confusing Touch          Hex            #.....       16%         1    None
 Call Canine Familiar     Summ           #.......     41%         3    ##.....
 Metabolic Englaciation   Hex/Ice        #.........   88%         5    ######.
 Summon Butterflies       Summ           #.......     16%         1    None
 Petrify                  Tmut/Erth      ####....     4%          4    ####...
 Summon Hydra             Summ           #.........   100%        7    #######
 Fulminant Prism          Conj/Hex       #.........   83%         4    ####...
 Dazzling Spray           Conj/Hex       #.....       41%         3    ##.....
 Force Lance              Conj/Tloc      #.......     83%         4    ####...
 Searing Ray              Conj           #.....       22%         2    #......
 Summon Mana Viper        Hex/Summ       #.......     99%         5    ######.
 Hydra Form               Tmut           ####......   32%         6    #######
 Irradiate                Conj/Tmut      ###.......   45%         5    ######.
 Gell's Gravitas          Tloc           #.........   41%         3    ##.....
 Yara's Violent Unravell  Hex/Tmut       ###.......   45%         5    ######.


Dungeon Overview and Level Annotations

Branches:
Dungeon (11/15)            Temple (1/1) D:7            Lair (6/6) D:11
 Shoals (0/4) Lair:2        Snake (0/4) Lair:3        Slime (0/5) Lair:5
    Orc: D:9-12

Altars:
Ashenzari
Cheibriados
Dithmenos
Elyvilon
Fedhas
Gozag
Hepliaklqana
Kikubaaqudgha
Makhleb
Nemelex Xobeh
Okawaru
Qazlal
Sif Muna
Trog
Uskayaw
Vehumet
Wu Jian
Xom
Yredelemnul
Zin
The Shining One

Annotations:
D:2 2 transporters
D:7 Menkaure
Lair:4 exclusion: 4 oklob plants
Lair:5 1 runed door, Gergoth's ghost, journeyman DEFE


Innate Abilities, Weirdness & Mutations

You can walk through water.
Your dull iron-grey scales are very hard. (AC +13)
You cannot fit into any form of body armour.
You can survive without breathing.
You are cold-blooded and may be slowed by cold attacks.


Message History

The five-headed hydra bites you but does no damage.
The five-headed hydra bites you!
The five-headed hydra bites you but does no damage.
The five-headed hydra bites you. The five-headed hydra bites you!
* * * LOW HITPOINT WARNING * * *
The hippogriff screeches!
The four-headed hydra roars!
The blink frog blinks!
The human barely misses the basilisk.
The basilisk bites you!
* * * LOW HITPOINT WARNING * * *
The five-headed hydra completely misses you.
The five-headed hydra bites you but does no damage. x4
The human closely misses the basilisk.
The blink frog blinks!
The basilisk bites you!
* * * LOW HITPOINT WARNING * * *
The five-headed hydra bites you.
* * * LOW HITPOINT WARNING * * *
The five-headed hydra bites you!
* * * LOW HITPOINT WARNING * * *
The five-headed hydra bites you!
You die...

..........
........P ...
P...... .....#
#PF..## .....##
#####.$...# .....P#
...P...?.P##.......
.D......H..........
.....#..§p....(....
#.. ##.@lD........
. ##P§D...F.....
#P............
##......#..(..
...............
................
................
................
................


You could see a five-headed hydra, a four-headed hydra, a hippogriff, a
basilisk, 2 blink frogs and a neutral human.

Vanquished Creatures
  Kirke (Lair:6)
  2 hydras (Lair:4)
  Fannar (D:10)
  3 two-headed ogres
  Erica (D:10)
  A centaur zombie (D:11)
  6 elephants
  5 black mambas
  7 spiny frogs
  A gargoyle (D:11)
  3 komodo dragons
  A kobold demonologist (D:11)
  A rime drake (Lair:5)
  A troll (D:10)
  A polar bear (Lair:2)
  2 merfolk (Lair:2)
  A hornet (D:10)
  Prince Ribbit (D:7)
  15 blink frogs
  8 hippogriffs
  Sigmund (D:6)
  2 wyverns
  2 wraiths (D:10)
  12 yaks
  A hog (Lair:6)
  A hungry ghost (D:11)
  Edmund (D:6)
  3 wargs (D:11)
  2 soldier ants (D:10)
  17 water moccasins
  8 porcupines
  3 ice beasts
  4 orc warriors
  3 black bears
  A sky beast (D:7)
  A phantom (D:5)
  4 ogres
  2 centaurs
  13 wolves
  14 crocodiles
  3 big kobolds
  10 bullfrogs
  A gnoll sergeant (D:4)
  A scorpion (D:9)
  A water moccasin skeleton (D:9)
  9 killer bees
  3 wights (D:11)
  2 howler monkeys (D:10)
  7 crimson imps
  A quasit (D:8)
  3 hounds
  Crazy Yiuf (D:7)
  2 bullfrog skeletons
  6 jellies
  4 orc priests
  3 orc wizards
  5 centaur skeletons
  Jessica (D:2)
  4 hell rats (Lair:3)
  2 iguanas
  9 worker ants
  A hound skeleton (D:7)
  A hound zombie (D:7)
  21 gnolls
  A river rat (D:5)
  14 adders
  A shadow imp (D:8)
  6 oozes
  3 adder zombies
  An adder skeleton (D:6)
  A worm (D:9)
  4 dart slugs
  4 leopard geckos
  23 orcs
  6 ball pythons
  4 bats
  5 giant cockroaches
  10 goblins
  5 hobgoblins
  13 jackals
  18 kobolds
  5 quokkas
  5 frilled lizards
  A leopard gecko zombie (D:9)
  A quokka skeleton (D:6)
  2 quokka zombies
  5 rats
396 creatures vanquished.

Vanquished Creatures (collateral kills)
  Grinder (D:4)
  An orc warrior (D:7)
  An orc wizard (D:3)
  An adder (D:3)
  An orc (D:3)
5 creatures vanquished.

Vanquished Creatures (others)
  Nessos (Lair:5)
  An orc (D:5)
  A quokka (D:5)
  7 plants
10 creatures vanquished.

Grand Total: 411 creatures vanquished

Notes
Turn   | Place    | Note
-------+----------+-------------------------------------------
     0 | D:1      | dysrexia the Draconian Transmuter began the quest for the Orb.
     0 | D:1      | Reached XP level 1. HP: 16/16 MP: 3/3
   306 | D:1      | Reached XP level 2. HP: 23/23 MP: 3/5
   732 | D:1      | Reached XP level 3. HP: 28/28 MP: 6/6
   883 | D:2      | Found a radiant altar of Vehumet.
   941 | D:2      | Reached skill level 4 in Unarmed Combat
   957 | D:2      | Noticed Jessica
   963 | D:2      | Killed Jessica
  1150 | D:2      | Reached XP level 4. HP: 30/35 MP: 5/7
  1343 | D:2      | Found a transporter.
  1345 | D:2      | Noticed a bullfrog
  1347 | D:2      | Found a transporter.
  1365 | D:2      | Found a shattered altar of Ashenzari.
  1733 | D:3      | Learned a level 2 spell: Sticks to Snakes
  1737 | D:3      | Learned a level 3 spell: Spider Form
  1824 | D:3      | Reached skill level 5 in Unarmed Combat
  1824 | D:3      | Reached XP level 5. HP: 19/40 MP: 4/8
  2133 | D:3      | Noticed a necrophage
  2525 | D:3      | Found a shimmering altar of Xom.
  2960 | D:4      | Noticed Grinder
  2984 | D:4      | Paralysed by Grinder for 3 turns
  3205 | D:4      | Paralysed by Grinder for 4 turns
  3214 | D:4      | Killed Grinder
  3214 | D:4      | Reached XP level 6. HP: 46/49 MP: 2/9
  3722 | D:4      | Your scales start taking on a dull iron-grey colour.
  3722 | D:4      | Reached XP level 7. HP: 9/57 MP: 7/11
  3722 | D:4      | Gained mutation: You can survive without breathing. [Grey Draconian growth]
  4458 | D:5      | Entered Level 5 of the Dungeon
  4471 | D:5      | Found a stormy altar of Qazlal.
  4762 | D:5      | Reached skill level 5 in Fighting
  4810 | D:5      | Reached XP level 8. HP: 44/68 MP: 13/13
  4845 | D:5      | Reached skill level 5 in Transmutations
  5424 | D:5      | Found a white marble altar of Elyvilon.
  5719 | D:5      | Found an ancient bone altar of Kikubaaqudgha.
  5948 | D:6      | Found a sparkling altar of Nemelex Xobeh.
  6075 | D:6      | Noticed Edmund
  6133 | D:6      | Killed Edmund
  6146 | D:6      | Reached skill level 6 in Unarmed Combat
  6205 | D:6      | Noticed Sigmund
  6226 | D:6      | Killed Sigmund
  6234 | D:6      | Paralysed by an orc priest for 3 turns
  6665 | D:6      | Reached XP level 9. HP: 61/75 MP: 14/16
  6695 | D:6      | Learned a level 5 spell: Blade Hands
  6700 | D:6      | Learned a level 4 spell: Ice Form
  6719 | D:6      | You fall through a shaft for 3 floors!
  6719 | D:9      | Noticed a two-headed ogre
  6739 | D:9      | Killed a two-headed ogre
  6739 | D:9      | Reached skill level 5 in Dodging
  6739 | D:9      | Reached skill level 7 in Unarmed Combat
  6739 | D:9      | Reached skill level 5 in Spellcasting
  6886 | D:9      | Noticed a two-headed ogre
  6926 | D:8      | Found a blossoming altar of Fedhas.
  7064 | D:7      | Reached skill level 8 in Unarmed Combat
  7079 | D:7      | Noticed Prince Ribbit
  7203 | D:7      | Killed Prince Ribbit
  7259 | D:7      | Found a runed door.
  7263 | D:7      | Noticed Crazy Yiuf
  7272 | D:7      | Killed Crazy Yiuf
  7340 | D:7      | Found a staircase to the Ecumenical Temple.
  7367 | Temple   | Entered the Ecumenical Temple
  7609 | D:7      | Found an ornate altar of the Wu Jian Council.
  7624 | D:7      | Became a worshipper of the Wu Jian Council
  7730 | D:7      | Found a hazy altar of Hepliaklqana.
  7731 | D:7      | Noticed Menkaure
  8536 | D:8      | Reached XP level 10. HP: 83/83 MP: 18/18
  8550 | D:8      | Found a glowing golden altar of the Shining One.
  8948 | D:9      | Found a snail-covered altar of Cheibriados.
  9535 | D:9      | Killed a two-headed ogre
  9535 | D:9      | Reached skill level 9 in Unarmed Combat
 10260 | D:9      | Reached * piety under Wu Jian
 10646 | D:10     | Entered Level 10 of the Dungeon
 10669 | D:10     | Reached skill level 10 in Unarmed Combat
 10997 | D:10     | Learned a level 6 spell: Statue Form
 11050 | D:10     | Noticed a cyan ugly thing
 11100 | D:10     | HP: 3/83 [cyan ugly thing (16)]
 11536 | D:10     | Noticed Fannar
 11578 | D:10     | Killed Fannar
 11578 | D:10     | Reached skill level 1 in Earth Magic
 11586 | D:10     | Noticed Erica
 11598 | D:11     | Found a staircase to the Lair.
 11648 | D:10     | Killed Erica
 11648 | D:10     | Reached XP level 11. HP: 91/91 MP: 14/20
 12237 | D:11     | Noticed a sun demon
 12244 | D:11     | Noticed a sun demon
 12744 | D:11     | Reached ** piety under Wu Jian
 13092 | D:11     | Noticed a two-headed ogre
 13120 | D:11     | Killed a two-headed ogre
 13144 | D:11     | Noticed a skeletal warrior
 13144 | D:11     | Noticed a skeletal warrior
 13147 | D:11     | Noticed a skeletal warrior
 13165 | D:11     | Noticed a skeletal warrior
 13485 | D:10     | Found a runed door.
 13495 | D:10     | Noticed an ogre mage
 13495 | D:10     | Noticed a fire giant
 13584 | D:11     | Found a white marble altar of Elyvilon.
 13584 | D:11     | Noticed a deep troll
 13585 | D:11     | Noticed a tengu reaver
 13989 | Lair:1   | Entered Level 1 of the Lair of Beasts
 14052 | Lair:1   | Reached skill level 1 in Ice Magic
 14672 | Lair:1   | Identified a scroll of acquirement
 14696 | Lair:1   | wowie
 14813 | Lair:2   | Reached XP level 12. HP: 100/105 MP: 15/21
 15073 | Lair:2   | Reached *** piety under Wu Jian
 15495 | Lair:2   | Reached skill level 10 in Fighting
 15629 | Lair:2   | Found a staircase to the Shoals.
 15775 | Lair:2   | Reached skill level 5 in Earth Magic
 16066 | Lair:3   | Found a staircase to the Snake Pit.
 16807 | Lair:3   | Reached skill level 11 in Unarmed Combat
 16999 | Lair:4   | Noticed a five-headed hydra
 17008 | Lair:4   | Killed a five-headed hydra
 17272 | Lair:4   | Noticed a seven-headed hydra
 17304 | Lair:4   | Killed a seven-headed hydra
 17414 | Lair:4   | Reached **** piety under Wu Jian
 17677 | Lair:4   | Reached XP level 13. HP: 112/115 MP: 16/22
 17988 | Lair:5   | Killed Nessos
 17992 | Lair:6   | Entered Level 6 of the Lair of Beasts
 18052 | Lair:5   | Reached skill level 10 in Transmutations
 18243 | Lair:5   | Found a staircase to the Slime Pits.
 18607 | Lair:5   | Found a runed door.
 18609 | Lair:5   | Noticed Gergoth's ghost (journeyman DEFE)
 18705 | Lair:6   | Noticed Kirke
 18717 | Lair:6   | Killed Kirke
 18717 | Lair:6   | Reached skill level 12 in Unarmed Combat
 18735 | Lair:6   | Slain by a five-headed hydra

Skill      XL: |  1  2  3  4  5  6  7  8  9 10 11 12 13 |
---------------+----------------------------------------+-----
Unarmed Combat | 4 5 6 8 10 11 12 | 12.1
Transmutations | 3 4 5 6 7 8 9 10 | 10.3
Fighting       | 2 3 5 6 9 10 11 | 11.2
Dodging        | 2 3 4 5 7 8 9 |  9.4
Spellcasting   | 3 4 5 6 |  6.5
Earth Magic    | 2 4 6 |  6.1
Ice Magic      | 2 3 |  3.7

Action                   |  1- 3 |  4- 6 |  7- 9 | 10-12 | 13-15 || total
-------------------------+-------+-------+-------+-------+-------++-------
Melee: Unarmed           |   113 |   194 |   461 |   868 |   145 ||  1781
       Tailslap          |     9 |    19 |    46 |   113 |    22 ||   209
       Kick              |     4 |     8 |    25 |       |       ||    37
       Headbutt          |     4 |    10 |    31 |    28 |       ||    73
       Punch             |     1 |     4 |    14 |    37 |     9 ||    65
 Fire: Blowgun           |       |       |       |     8 |       ||     8
Throw: Stone             |     3 |     3 |     2 |       |       ||     8
       Throwing net      |       |       |     2 |       |       ||     2
 Cast: Beastly Appendage |    13 |    13 |    23 |    18 |       ||    67
       Sticks to Snakes  |       |    11 |    10 |     2 |       ||    23
       Spider Form       |       |     2 |    12 |    15 |       ||    29
       Statue Form       |       |       |       |     2 |       ||     2
       Blade Hands       |       |       |       |    21 |     5 ||    26
       Ice Form          |       |       |       |     2 |       ||     2
Invok: Lunge             |       |       |     1 |    47 |    13 ||    61
       Whirlwind         |       |       |       |    39 |    28 ||    67
       Wall Jump         |       |       |       |    16 |     6 ||    22
       Serpent's Lash    |       |       |       |     3 |     2 ||     5
Evoke: Wand              |       |       |       |     5 |       ||     5
  Use: Scroll            |     3 |     7 |     6 |    14 |     1 ||    31
       Potion            |       |       |       |     3 |       ||     3
 Stab: Distracted        |       |     1 |       |       |       ||     1
       Sleeping          |       |     2 |     1 |     6 |       ||     9
       Held in net/web   |       |       |     1 |       |       ||     1
       Confused          |       |       |       |     1 |       ||     1
  Eat: Chunk             |     1 |    10 |    11 |    35 |     6 ||    63
       Ration            |       |       |     2 |     1 |       ||     3
Armor: Skin              |    28 |    45 |   146 |   206 |    60 ||   485
Dodge: Dodged            |    64 |   128 |   318 |   605 |    93 ||  1208
